 Dungeon Crawl Stone Soup version 0.18.1-8-gdd0e5ea (webtiles) character file.

8 jacquesderrida the Charmwright (level 2, 22/22 HPs)
             Began as a Demonspawn Skald on May 22, 2016.
             Quit the game on level 1 of the Dungeon.
             The game lasted 00:00:16 (241 turns).

jacquesderrida the Charmwright (Demonspawn Skald)    Turns: 241, Time: 00:00:17

Health: 22/22      AC:  3    Str: 12    XL:     2   Next: 0%
Magic:  5/5        EV: 11    Int: 13    God:
Gold:   17         SH:  0    Dex: 12    Spells: 1 memorised, 4 levels left

rFire  . . .     SeeInvis .     a - +0 spear
rCold  . . .     Gourm    .     b - +0 leather armour
rNeg   . . .     Faith    .     (no shield)
rPois  .         Spirit   +     (no helmet)
rElec  .         Dismiss  .     (no cloak)
rCorr  .         Reflect  .     (no gloves)
SustAt .         Harm     .     (no boots)
MR     .....                    (no amulet)
Stlth  +.........               (no ring)
                                (no ring)

@: not resistant to hostile enchantments, very unstealthy
A: magic shield
a: no special abilities


You were on level 1 of the Dungeon.
You were not hungry.

You visited 1 branch of the dungeon, and saw 1 of its levels.

You collected 17 gold pieces.

Inventory:

Hand Weapons
 a - a +0 spear (weapon)
Armour
 b - a +0 leather armour (worn)
Jewellery
 e - an uncursed ring of ice {unknown}
Scrolls
 g - a scroll of enchant weapon {unknown}
 h - a scroll of identify {unknown}
Potions
 f - a potion of degeneration {unknown}
Books
 c - a book of Battle

   Spells                             Type                      Level
   a - Infusion                       Charms                       1
   b - Shroud of Golubria             Charms/Translocation         2
   c - Song of Slaying                Charms                       2
   d - Spectral Weapon                Hexes/Charms                 3
   e - Regeneration                   Charms/Necromancy            3
Comestibles
 d - a bread ration


   Skills:
 + Level 2.1 Fighting
 + Level 1.7 Polearms
 + Level 1.1 Armour
 + Level 0.8 Dodging
 + Level 2.0 Spellcasting
 + Level 3.0 Charms


You had 4 spell levels left.
You knew the following spells:

 Your Spells              Type           Power        Failure   Level  Hunger
a - Infusion              Chrm           #...         12%         1    ##.....


Dungeon Overview and Level Annotations

Branches:
Dungeon (1/15)

Altars:


Innate Abilities, Weirdness & Mutations

When hurt, damage is shared between your health and your magic reserves.


Message History

No target in view!
h - a scroll labeled CAPPUU PAUGH No target in view!
Found a whip.
No target in view!
A kobold comes into view.
The kobold shouts!
The kobold throws a stone.
The stone hits you but does no damage.
You see here a stone.
A kobold is nearby!
A hobgoblin comes into view. It is wielding a club.
Attack whom?
Press: ? - help, Dir - move target cursor, f - kobold
Aim: a kobold You reach to attack!
You hit the kobold.
You kill the kobold!
You have reached level 2!
Your demonic ancestry asserts itself...
You feel your magical essence form a protective shroud around your flesh.
Are you sure you want to abandon this character and quit the game? (Confirm with "yes".)

#................###.....#.
#........#...... #.....#.
#............... #.....#.
#............... #.....#.
#............... #.....#.
#........#####. #.....##
#.......(######### #.....##
#................. #......#
...........@.(.....
#.....†.
##.................
#......# #.................
#.####.# #.......).........
#.####.. ...........#.....
# #..... #.###......#.....
.#..... .....g.+ ....
....... ##......# ....
.#..... .......


You could see a hobgoblin.

Vanquished Creatures
  A dart slug (D:1)
  A goblin (D:1)
  2 kobolds (D:1)
  A bat (D:1)
  A giant newt (D:1)
  A rat (D:1)
7 creatures vanquished.

Notes
Turn   | Place    | Note
--------------------------------------------------------------
     0 | D:1      | jacquesderrida the Demonspawn Skald began the quest for the Orb.
     0 | D:1      | Reached XP level 1. HP: 16/16 MP: 3/3
    23 | D:1      | Reached skill level 1 in Armour
   115 | D:1      | Reached skill level 3 in Charms
   240 | D:1      | Gained mutation: When hurt, damage is shared between your health and your magic reserves. [demonic ancestry]
   240 | D:1      | Reached XP level 2. HP: 22/22 MP: 5/5
   241 | D:1      | Quit the game

Skill      XL: |  1 |
---------------+----+-----
Armour         | 1 |  1.1
Charms         | 3 |  3.0
Fighting       | |  2.1
Polearms       | |  1.7
Dodging        | |  0.8
Spellcasting   | |  2.0

Action                   || total
-------------------------++-------
Melee: Spear             ||    28
Armor: Leather armour    ||     6
Dodge: Dodged            ||     7
